 Dungeon Crawl Stone Soup version 0.28-a0-537-g3bccd9ccbf (webtiles) character file.

Game seed: 7212368228708150391

149 Tocho the Cutter (level 5, -1/38 HPs)
             Began as a Vampire Gladiator on Sept 27, 2021.
             Succumbed to an adder's poison
             ... on level 3 of the Dungeon.
             The game lasted 00:03:52 (1335 turns).

Tocho the Cutter (Vampire Gladiator)                Turns: 1335, Time: 00:03:52

Health: -1/38      AC:  5    Str: 12 (13) XL:     5   Next: 9%
Magic:  5/5        EV: 12    Int: 11 (12) God:
Gold:   52         SH:  0    Dex: 15      Spells: 4/4 levels left

rFire   . . .      SeeInvis +   a - +0 rapier (elec)
rCold   . . .      Faith    .   (no shield)
rNeg    . . .      Spirit   .   b - +0 leather armour
rPois   .          Reflect  .   c - +0 helmet
rElec   .          Harm     .   (no cloak)
rCorr   .          Rampage  .   (no gloves)
Will    .....                   h - +0 pair of boots
Stlth   +.........              (no amulet)
HPRegen 0.32/turn               (no ring)
MPRegen 0.09/turn               (no ring)

@: lethally poisoned (-1 -> -11), attractive, flying, healing quickly
A: alive, fangs 3, see invisible, vampiric 2
a: Exsanguinate


You were on level 3 of the Dungeon.
You visited 1 branch of the dungeon, and saw 3 of its levels.

You collected 52 gold pieces.

Inventory:

Hand Weapons
 a - a +0 rapier of electrocution (weapon)
Missiles
 d - 3 throwing nets (quivered)
 f - 12 poisoned darts
 k - 2 javelins
Armour
 b - a +0 leather armour (worn)
 c - a +0 helmet (worn)
 g - a +0 kite shield
 h - a +0 pair of boots (worn)
Potions
 j - a potion of attraction


   Skills:
 - Level 1.7 Fighting
 + Level 6.4 Short Blades
 - Level 1.5 Throwing
 - Level 3.2 Dodging


You had 4 spell levels left.
You didn't know any spells.
Your spell library contained the following spells:

 Spells                   Type           Power      Damage    Failure   Level
 Sublimation of Blood     Necr           0%         N/A       56%         2
 Wereblood                Tmut           0%         N/A       56%         2
 Conjure Flame            Conj/Fire      0%         6-21      80%         3
 Ignite Poison            Fire/Tmut/Pois 0%         N/A       80%         3
 Sticky Flame             Conj/Fire      0%         2d3       99%         4
 Summon Ice Beast         Ice/Summ       0%         N/A       99%         4
 Summon Mana Viper        Hex/Summ       0%         N/A       100%        5
 Monstrous Menagerie      Summ           0%         N/A       100%        7
 Summon Hydra             Summ           0%         N/A       100%        7


Dungeon Overview and Level Annotations

Branches:
Dungeon (3/15)

Altars:
Yredelemnul


Innate Abilities, Weirdness & Mutations

Your natural rate of healing is accelerated.
You have razor-sharp teeth.
You have supernaturally acute eyesight. (SInv)
You are afflicted with vampirism and can become a bat while bloodless.


Message History

The kobold brigand barely misses you.
It was a potion of curing.
You feel better.
The kobold brigand hits you with a +0 club.
You hit the kobold brigand.
Lightning courses through the kobold brigand!
You kill the kobold brigand!
You feel your strength returning.
You feel your dexterity returning.
Your Short Blades skill increases to level 6!
You have reached level 5!
You feel clever.
You barely miss the adder. Your bite misses the adder.
The adder closely misses you.
You miss the adder. The adder closely misses you.
You hit the adder but do no damage. The adder barely misses you.
The adder bites you.
* * * LOW HITPOINT WARNING * * *
You are poisoned.
The adder poisons you!
You miss the adder. You bite the adder.
The adder is moderately wounded.
You feel sick. The adder closely misses you.
You barely miss the adder.
The adder is moderately wounded.
The adder barely misses you.
You miss the adder.
The adder is moderately wounded.
You feel sick. The adder bites you.
* * * LOW HITPOINT WARNING * * *
You are lethally poisoned!
The adder poisons you!
You hit the adder.
The adder is moderately wounded.
* * * LOW HITPOINT WARNING * * *
You feel sick. The adder bites you.
* * * LOW HITPOINT WARNING * * *
You are more poisoned.
The adder poisons you!
You hit the adder. Your bite misses the adder.
The adder is heavily wounded.
You die...

##............. .
##.##....#.##.
.###.......#.# ..
..####....##.# . #.#
#....##.#
#.####....##.# #
#.#......)...#
#####.#............#
......#@#.........##
......S.####<...###
#######.# #....# #.#
#....######.#
#.########.......#
#...>......#######
############


You could see an adder.

Vanquished Creatures
  A kobold brigand (D:3)
  Terence (D:2)
  A dart slug (D:1)
  2 orcs (D:3)
  An endoplasm (D:2)
  2 giant cockroaches (D:1)
  3 goblins
  5 hobgoblins
  6 jackals (D:1)
  10 kobolds
  A quokka (D:2)
  8 ball pythons
  3 bats (D:1)
  7 rats
51 creatures vanquished.

Notes
Turn   | Place    | Note
-------+----------+-------------------------------------------
     0 | D:1      | Tocho the Vampire Gladiator began the quest for the Orb.
     0 | D:1      | Reached XP level 1. HP: 16/16 MP: 1/1
    67 | D:1      | Found a faded altar of an unknown god.
   211 | D:1      | Reached XP level 2. HP: 20/22 MP: 2/2
   214 | D:1      | Reached skill level 4 in Short Blades
   472 | D:1      | Gained mutation: You are afflicted with vampirism and can
                  | become a bat while bloodless. [Vampire growth]
   472 | D:1      | Reached XP level 3. HP: 27/27 MP: 3/3
   612 | D:2      | Found a basalt altar of Yredelemnul.
   667 | D:2      | Noticed Terence
   681 | D:2      | Killed Terence
   682 | D:2      | Reached skill level 5 in Short Blades
   811 | D:2      | Reached XP level 4. HP: 33/33 MP: 4/4
  1309 | D:3      | Noticed a kobold brigand
  1322 | D:3      | HP: 1/33 [kobold brigand (6)]
  1327 | D:3      | Killed a kobold brigand
  1328 | D:3      | Reached skill level 6 in Short Blades
  1328 | D:3      | Reached XP level 5. HP: 12/38 MP: 5/5
  1335 | D:3      | Succumbed to an adder's poison

Illustrated notes

Levels and vault maps discovered:
D:1:      scummos_arrival_simple_fountains, layout_rooms,
          chequers_ecumenical_altar_simple, minmay_heptomino_o4
D:2:      layout_basic, basic_altar, uniq_terence
D:3:      layout_loops_ring, chequers_temple_overflow_statue_of_worship

Skill      XL: |  1  2  3  4 |
---------------+-------------+-----
Short Blades   | 4 5 6 |  6.4
Fighting       | |  1.7
Throwing       | |  1.5
Dodging        | |  3.2

Action                   |  1- 3 |  4- 6 || total
-------------------------+-------+-------++-------
Melee: Rapier            |   107 |    43 ||   150
       Bite              |    11 |     7 ||    18
  Use: Scroll            |     2 |       ||     2
       Potion            |     1 |     4 ||     5
 Stab: Sleeping          |       |     1 ||     1
Armor: Leather armour    |    45 |     4 ||    49
Dodge: Dodged            |    96 |    27 ||   123

Table legend: (Time is in decaauts)
 A = Elapsed time spent in this place.
 B = Non-inter-level travel time spent in this place.
 C = Inter-level travel time spent in this place.
 D = Time resting spent in this place.
 E = Time spent auto-exploring this place.
 F = Levels seen in this place.
 G = Mean time per level.
                   A        B        C        D        E       F      G
               +--------+--------+--------+--------+--------+-----+--------+
         Total |   1328 |   1291 |     37 |      0 |    932 |   3 |  442.7 |
       Dungeon |   1328 |   1291 |     37 |      0 |    932 |   3 |  442.7 |
               +--------+--------+--------+--------+--------+-----+--------+

Top non-repeatable levels by time:
     D:2: 583 daAuts
     D:1: 579 daAuts
     D:3: 165 daAuts
